 Dungeon Sprint DCSS version 0.27-a0-1232-gc6a4cbde82 (webtiles) character file.

Game seed: 13142602849029393903

3 rocky1 the Shield-Bearer (level 1, -4/18 HPs)
             Began as a Formicid Fighter on June 9, 2021.
             Slain by a human (7 damage)
             ... in the Dungeon (Sprint III: "The Ten Rune Challenge").
             The game lasted 00:00:54 (198 turns).

rocky1 the Shield-Bearer (Formicid Fighter)          Turns: 198, Time: 00:00:54

Health: -4/18      AC:  6    Str: 20    XL:     1   Next: 55%
Magic:  1/1        EV: 12    Int:  7    God:
Gold:   18         SH:  9    Dex: 10    Spells: 0/0 levels left

rFire    . . .     SeeInvis +   a - +0 long sword
rCold    . . .     Faith    .   c - +0 kite shield
rNeg     . . .     Spirit   .   b - +0 scale mail
rPois    .         Reflect  .   (helmet unavailable)
rElec    .         Harm     .   (no cloak)
rCorr    .         Rampage  .   (no gloves)
Will     .....                  (no boots)
Stlth    ..........             (no amulet)
HPRegen  0.06/turn              h - +4 ring of evasion
MPRegen  0.07/turn              (no ring)

@: no status effects
A: permanent stasis, dig shafts and tunnels, antennae 3, four strong arms
a: Dig


You were in the Dungeon.
You visited 1 branch You collected 18 gold pieces.

Inventory:

Hand Weapons
 a - a +0 long sword (weapon)
Armour
 b - a +0 scale mail (worn)
 c - a +0 kite shield (worn)
Jewellery
 h - a +4 ring of evasion (left hand)
Potions
 d - a potion of might
 e - a potion of curing
 f - a potion of heal wounds
 g - 2 potions of magic


   Skills:
 + Level 3.6 Fighting
 + Level 2.3 Long Blades
 + Level 3.6 Armour
 + Level 0.9 Dodging
 + Level 4.0 Shields


You couldn't memorise any spells.
You didn't know any spells.
Your spell library was empty.

Dungeon Overview and Level Annotations

Branches:
Dungeon (1/1)

Altars:


Innate Abilities, Weirdness & Mutations

You cannot be hasted, slowed, berserked, paralysed or teleported.
You can dig through walls and to a lower floor.
You have a pair of large antennae on your head. (SInv)
Your four strong arms can wield two-handed weapons with a shield.


Message History

You block the rat's attack.
You barely miss the rat. The rat bites you but does no damage.
The rat bites you.
You hit the rat.
The rat is moderately wounded.
You block the rat's attack.
You hit the rat.
The rat is severely wounded.
The rat bites you but does no damage. The rat closely misses you.
You riposte.
You slash the rat!
You kill the rat!
Your Shields skill increases to level 4!
You see here a rat corpse.
You start resting.
HP restored.
A human comes into view.
Okay, then.
You aren't carrying any items that you can evoke.
You closely miss the human. The human misses you.
You riposte.
You hit the human but do no damage. You closely miss the human.
The human hits you. The human hits you but does no damage.
You hit the human but do no damage. You block the human's attack.
You miss the human. You block the human's attack.
The human hits you but does no damage.
You barely miss the human. The human barely misses you.
You closely miss the human. The human completely misses you.
You closely miss the human. The human hits you! You block the human's attack.
You closely miss the human. The human hits you.
* * * LOW HITPOINT WARNING * * *
You closely miss the human. The human closely misses you.
You riposte.
You barely miss the human. You block the human's attack.
You miss the human. The human hits you but does no damage.
You hit the human.
The human is lightly wounded.
The human hits you but does no damage. You block the human's attack.
You hit the human.
The human is lightly wounded.
The human hits you!
You die...

▓...#......##
▓..##.......#
▓##.##.##...# .#
##.##.###..# ..#
▓#.####.##..# ...+
▓.###..##.†##
#...# ▓#..†..##..#
#....#
###..##...##p....#
##..##...@#......#
#..###..##p# {
#..# #.. ### ▓▓▓▓
▓▓▓ { { { { {{ { {
{{


You could see a human.

Vanquished Creatures
  An endoplasm (D)
  3 rats (D)
4 creatures vanquished.

Notes
Turn   | Place    | Note
-------+----------+-------------------------------------------
     0 | D        | rocky1 the Formicid Fighter began the quest for the Orb.
     0 | D        | Reached XP level 1. HP: 18/18 MP: 1/1
   133 | D        | Reached skill level 4 in Shields
   198 | D        | Slain by a human

Illustrated notes

Levels and vault maps discovered:
D:        dungeon_sprint_mu [sprint_mu_entry_cave, sprint_mu_temple_rooms,
          sprint_mu_d1_spiders, sprint_mu_d2_genie, sprint_mu_d3_branching,
          sprint_mu_orc_legion, sprint_mu_elf_gauntlet, sprint_mu_hive_nellie,
          sprint_mu_lair_fedhas, sprint_mu_vaults_butterflies,
          sprint_mu_slime_circle, sprint_mu_swamp_cave, sprint_mu_snake_twists,
          sprint_mu_blade_basic, sprint_mu_crypt_chambers,
          sprint_mu_tomb_spiral, sprint_mu_vestibule_basic,
          sprint_mu_gehenna_hellfire, sprint_mu_dis_giant,
          sprint_mu_tartarus_statrot, sprint_mu_cocytus_islands, sprint_mu_zot1]

Skill      XL: |  1 |
---------------+----+-----
Shields        | 4 |  4.0
Fighting       | |  3.6
Long Blades    | |  2.3
Armour         | |  3.6
Dodging        | |  0.9

Action                   || total
-------------------------++-------
Melee: Long sword        ||    22
Armor: Scale mail        ||     6
Dodge: Dodged            ||    10
Block: Kite shield       ||     8
       Rpst.: Long sword ||     3

Table legend: (Time is in decaauts)
 A = Elapsed time spent in this place.
 B = Non-inter-level travel time spent in this place.
 C = Inter-level travel time spent in this place.
 D = Time resting spent in this place.
 E = Time spent auto-exploring this place.
 F = Levels seen in this place.
 G = Mean time per level.
                   A        B        C        D        E       F      G
               +--------+--------+--------+--------+--------+-----+--------+
         Total |    207 |    207 |      0 |    117 |      0 |   1 |  207.0 |
       Dungeon |    207 |    207 |      0 |    117 |      0 |   1 |  207.0 |
               +--------+--------+--------+--------+--------+-----+--------+

Top non-repeatable levels by time:
       D: 207 daAuts
